 Dungeon Crawl Stone Soup version 0.30-a0-939-gc8157cb160 (webtiles) character file.

Game seed: 16196178770482969659

52 2tousent the Chopper (level 3, -9/36 HPs)
             Began as a Hill Orc Monk on Mar 25, 2023.
             Mangled by a gnoll
             ... wielding a +0 halberd
              (12 damage)
             ... on level 2 of the Dungeon.
             The game lasted 00:01:34 (987 turns).

2tousent the Chopper (Hill Orc Monk)                 Turns: 987, Time: 00:01:34

Health: -9/36      AC:  5    Str: 15    XL:     3   Next: 85%
Magic:  3/3        EV: 11    Int: 10    God:
Gold:   55         SH:  0    Dex: 15    Spells: 2/2 levels left

rFire   . . .      SeeInvis .    a - +0 hand axe
rCold   . . .      Faith    .    (no shield)
rNeg    . . .      Spirit   .    e - +0 ring mail
rPois   .          Reflect  .    (no helmet)
rElec   .          Rampage  .    (no cloak)
rCorr   .          Rage     3%   (no gloves)
Will    .....                    (no boots)
Stlth   ++                       (no amulet)
HPRegen 0.26/turn                (no ring)
MPRegen 0.08/turn                (no ring)

@: no status effects
A: thin skeletal structure 1, berserk 1, robust 1
a: no special abilities


You were on level 2 of the Dungeon.
You visited 1 branch of the dungeon, and saw 2 of its levels.

You collected 55 gold pieces.

Inventory:

Hand Weapons
 a - a +0 hand axe (weapon)
Armour
 b - a +0 robe
 e - a +0 ring mail (worn)
Jewellery
 j - a +6 ring of intelligence
Scrolls
 f - a scroll of blinking {unknown}
 k - a scroll of identify {unknown}
Potions
 d - a potion of lignification {unknown}
 g - 2 potions of mutation
 h - 2 potions of curing
 i - a potion of might {unknown}


   Skills:
 + Level 4.2 Fighting
 * Level 5.2 Axes
 + Level 2.8 Dodging
 - Level 1.5 Stealth


You had 2 spell levels left.
You didn't know any spells.
Your spell library contained the following spells:

 Spells                   Type           Power      Damage    Failure   Level
 Gell's Gravitas          Tloc           0%         N/A       92%         3
 Teleport Other           Tloc           0%         N/A       92%         3
 Dispersal                Tloc           0%         N/A       100%        6


Dungeon Overview and Level Annotations

Branches:
Dungeon (2/15)

Altars:

Annotations:
D:2 Robin


Innate Abilities, Weirdness & Mutations

You have a somewhat thin skeletal structure. (Dex +2, Stealth+)
You sometimes lose your temper in combat.
You are robust. (+10% HP)


Message History

You bump into the rock wall.
Robin barely misses you. The gnoll hits you with a +0 flail.
You barely miss the gnoll.
The gnoll is almost dead.
The gnoll hits you with a +0 flail. Robin barely misses you.
You bump into the rock wall.
Robin hits you from afar with a +0 spear.
The gnoll closely misses you.
You're too confused to move!
Robin hits you from afar with a +0 spear.
The gnoll barely misses you.
You closely miss the gnoll.
The gnoll is almost dead.
You feel less invigorated.
You feel less confused. The gnoll hits you with a +0 flail!
Robin hits you but does no damage.
You closely miss the gnoll.
The gnoll is almost dead.
Robin closely misses you. The gnoll hits you with a +0 flail.
You barely miss the gnoll.
The gnoll is almost dead.
Robin barely misses you. The gnoll closely misses you.
You hit the gnoll.
You kill the gnoll!
Robin hits you but does no damage.
Robin roars a battlecry!
The goblin goes into a battle-frenzy!
Items here: ))))))) ††††.
You hit the hobgoblin.
You kill the hobgoblin!
You hit Robin.
The gnoll hits you from afar with a +0 halberd!
* * * LOW HITPOINT WARNING * * *
Robin hits you with a +0 spear.
* * * LOW HITPOINT WARNING * * *
You barely miss Robin.
Robin is moderately wounded.
You closely miss the gnoll.
The gnoll hits you from afar with a +0 halberd!
You die...

.. #### ##. ^.#
##... #.# .....
#<# #.... #.#
#..g### #.#
#.ggg@# #.#
.....##g# #.# ###
#.# #.# # #.# #.#
#.. #.# #.#
##.###.#
#.#######...##.#
#...........>..#
###.#######(..#..#


You could see Robin, 3 gnolls and a goblin (strong).

Vanquished Creatures
  A gnoll (D:2)
  2 dart slugs (D:1)
  A bat (D:1)
  2 endoplasms (D:1)
  8 goblins
  8 hobgoblins
  4 kobolds
  A quokka (D:1)
  3 ball pythons (D:1)
  4 frilled lizards (D:1)
  A rat (D:1)
35 creatures vanquished.

Notes
Turn   | Place    | Note
-------+----------+-------------------------------------------
     0 | D:1      | 2tousent the Hill Orc Monk began the quest for the Orb.
     0 | D:1      | Reached XP level 1. HP: 19/19 MP: 1/1
   146 | D:1      | Reached XP level 2. HP: 24/27 MP: 2/2
   677 | D:1      | Reached XP level 3. HP: 33/33 MP: 3/3
   942 | D:2      | Noticed Robin
   952 | D:2      | Reached skill level 5 in Axes
   964 | D:2      | Gained mutation: You sometimes lose your temper in combat.
                  | [potion of mutation]
   964 | D:2      | Gained mutation: You have a somewhat thin skeletal
                  | structure. (Dex +2, Stealth+) [potion of mutation]
   964 | D:2      | Gained mutation: You are robust. (+10% HP) [potion of
                  | mutation]
   987 | D:2      | Mangled by a gnoll

Illustrated notes

Levels and vault maps discovered:
D:1:      lemuel_arrival_behind_the_door_large, layout_basic,
          minmay_misc_feat_plants
D:2:      layout_loops_ring, uniq_robin

Skill      XL: |  1  2  3 |
---------------+----------+-----
Fighting       | 4 |  4.2
Axes           | 5 |  5.2
Dodging        | |  2.8
Stealth        | |  1.5

Action                     || total
---------------------------++-------
  Melee: Hand axe          ||   120
    Use: Potion            ||     3
 Armour: Ring mail         ||    39
  Dodge: Dodged            ||    76

Table legend: (Time is in decaauts)
 A = Elapsed time spent in this place.
 B = Non-inter-level travel time spent in this place.
 C = Inter-level travel time spent in this place.
 D = Time resting spent in this place.
 E = Time spent auto-exploring this place.
 F = Levels seen in this place.
 G = Mean time per level.
                   A        B        C        D        E       F      G
               +--------+--------+--------+--------+--------+-----+--------+
         Total |    994 |    965 |     29 |      0 |    713 |   2 |  497.0 |
       Dungeon |    994 |    965 |     29 |      0 |    713 |   2 |  497.0 |
               +--------+--------+--------+--------+--------+-----+--------+

Top non-repeatable levels by time:
     D:1: 882 daAuts
     D:2: 112 daAuts
